 Dungeon Crawl Stone Soup version 0.23-b1-6-ga921848 (webtiles) character file.

Game seed: 1371683063620803519

1485 HEYYEYAAE the Fighter (level 8, -2/63 HPs)
             Began as an Octopode Hunter on Feb 2, 2019.
             Was an Initiate of Okawaru.
             Slain by a gnoll sergeant
             ... wielding a +0 vampiric trident
              (11 damage)
             ... on level 6 of the Dungeon.
             The game lasted 00:08:48 (6955 turns).

HEYYEYAAE the Fighter (Octopode Hunter)             Turns: 6955, Time: 00:08:49

Health: -2/63      AC:  1    Str: 11    XL:     8   Next: 79%
Magic:  8/8        EV: 15    Int: 14    God:    Okawaru [......]
Gold:   299        SH:  0    Dex: 14    Spells: 7/7 levels left

rFire    . . .     SeeInvis .   a - +1 hand crossbow
rCold    . . .     Gourm    .   (no shield)
rNeg     . . .     Faith    .   (helmet restricted)
rPois    .         Spirit   .   (no amulet)
rElec    .         Reflect  .   j - ring of protection from magic
rCorr    .         Harm     .   (no ring)
MR       +....                  (no ring)
Stlth    +++.......             (no ring)
HPRegen  0.20/turn              (no ring)
MPRegen  0.11/turn              (no ring)
                                (no ring)
                                (no ring)

@: no status effects
A: almost no armour, stealthy swim, amphibious, 8 rings, constrict 8, camouflage
1, gelatinous body 1
a: Renounce Religion


You were on level 6 of the Dungeon.
You worshipped Okawaru.
Okawaru was noncommittal.
You were not hungry.

You visited 2 branches of the dungeon, and saw 7 of its levels.

You collected 299 gold pieces.

Inventory:

Hand Weapons
 a - a +1 hand crossbow (weapon)
 b - a +0 short sword
 k - a +4 hunting sling
 r - a +2 mace of protection
 s - a +2 dagger of freezing
 w - a +0 shortbow
Missiles
 v - 74 arrows
 y - 5 sling bullets
 z - 71 stones (quivered)
Jewellery
 j - a ring of protection from magic (left tentacle)
Wands
 m - a wand of digging (6)
 p - a wand of flame (10)
Scrolls
 c - a scroll of noise {unknown}
 e - 6 scrolls of amnesia
 f - 5 scrolls of remove curse
 g - 3 scrolls of enchant armour
 o - a scroll of fear {unknown}
 q - 2 scrolls of teleportation
 x - 2 scrolls of immolation {unknown}
 A - a scroll of blinking {unknown}
Potions
 h - a potion of ambrosia {unknown}
 i - a potion of agility
 l - a potion of might
 n - a potion of mutation
 u - 3 potions of brilliance {unknown}
 B - a potion of magic {unknown}
Comestibles
 d - 5 rations


   Skills:
 + Level 9.4 Fighting
 + Level 5.0 Crossbows
 * Level 4.7 Dodging
 - Level 1.3 Stealth


You had 7 spell levels left.
You didn't know any spells.
Your spell library contained the following spells:

 Spells                   Type           Power        Failure   Level  Hunger
 Animate Skeleton         Necr           N/A          28%         1    ##.....
 Apportation              Tloc           #.....       28%         1    ##.....
 Confusing Touch          Hex            #.....       28%         1    ##.....
 Summon Small Mammal      Summ           #...         28%         1    ##.....


Dungeon Overview and Level Annotations

Branches:
Dungeon (6/15)             Temple (1/1) D:6

Altars:
Ashenzari
Cheibriados
Dithmenos
Fedhas
Gozag
Kikubaaqudgha
Makhleb
Nemelex Xobeh
Okawaru
Qazlal
Ru
Trog
Uskayaw
Vehumet
Xom
Yredelemnul
Zin
The Shining One

Shops:
D:4 :

Annotations:
D:3 2 transporters


Innate Abilities, Weirdness & Mutations

You cannot wear most types of armour.
You are very stealthy in the water. (Stealth+)
You are amphibious.
You can wear up to eight rings at the same time.
You can use your tentacles to constrict eight enemies at once.
Your skin changes colour to match your surroundings (Stealth+).
Your rubbery body absorbs attacks. (AC +1, EV +1)


Message History

Aim: a gnoll sergeant, wielding a +0 vampiric trident and wearing a +0 scale mail (severely wounded)
The puff of flame hits the gnoll sergeant.
The gnoll sergeant is severely wounded.
The gnoll sergeant barely misses you.
Okay, then.
Evoke which item? (* to show all) (? for menu, Esc to quit)
Aiming: Throw Flame
Press: ? - help, Shift-Dir - straight line, f/p - gnoll sergeant
Aim: a gnoll sergeant, wielding a +0 vampiric trident and wearing a +0 scale mail (severely wounded)
The puff of flame hits the gnoll sergeant.
The gnoll sergeant is almost dead.
The gnoll sergeant closely misses you.
Evoke which item? (* to show all) (? for menu, Esc to quit)
Aiming: Throw Flame
Press: ? - help, Shift-Dir - straight line, f/p - gnoll sergeant
Aim: a gnoll sergeant, wielding a +0 vampiric trident and wearing a +0 scale mail (almost dead)
The puff of flame hits the gnoll sergeant but does no damage.
The gnoll sergeant is almost dead.
The gnoll sergeant hits you from afar with a +0 vampiric trident!
You die...

################################
##<.............@.gg(()..........
............##############).#...#
###########.##############..#.#.#
.................................
#####...####.###########.#g.#g#.#
#...###...# #.#..#....
#...##8>8.# #.#.....(#
###...#####.# #.#.##g.## #.....#
#.## #.#.# ..#


You could see a gnoll sergeant and a gnoll.

Vanquished Creatures
  An orc warrior (D:3)
  2 phantoms
  2 ogres
  2 centaurs
  A scorpion (D:6)
  A howler monkey (D:4)
  A wight (D:6)
  A crimson imp (D:6)
  3 orc priests
  2 hounds (D:4)
  Jessica (D:2)
  2 iguanas
  4 orc wizards
  4 worker ants
  A hound skeleton (D:5)
  8 gnolls
  11 adders
  An ooze (D:1)
  2 worms
  A dart slug (D:2)
  7 leopard geckos
  6 orcs
  3 giant cockroaches
  8 goblins
  8 hobgoblins
  14 jackals
  6 kobolds
  3 quokkas
  2 ball pythons
  6 bats
  9 frilled lizards
  A jackal skeleton (D:5)
  A leopard gecko skeleton (D:4)
  7 rats
132 creatures vanquished.

Notes
Turn   | Place    | Note
-------+----------+-------------------------------------------
     0 | D:1      | HEYYEYAAE the Octopode Hunter began the quest for the Orb.
     0 | D:1      | Reached XP level 1. HP: 14/14 MP: 1/1
    19 | D:1      | Reached XP level 2. HP: 7/20 MP: 2/2
   443 | D:1      | Reached skill level 3 in Fighting
   468 | D:1      | Reached XP level 3. HP: 23/26 MP: 3/3
  1096 | D:2      | Reached skill level 4 in Fighting
  1153 | D:2      | Reached XP level 4. HP: 33/33 MP: 4/4
  1612 | D:2      | Noticed Jessica
  1618 | D:2      | Killed Jessica
  1618 | D:2      | Reached skill level 5 in Fighting
  1618 | D:2      | Reached XP level 5. HP: 39/39 MP: 5/5
  1875 | D:3      | Noticed an orc warrior
  2220 | D:4      | Found a basalt altar of Yredelemnul.
  2294 | D:4      | Reached skill level 6 in Fighting
  2294 | D:4      | Reached XP level 6. HP: 38/46 MP: 6/6
  2453 | D:4      | Found Myvofac's Book Shop.
  2521 | D:4      | Found an ancient bone altar of Kikubaaqudgha.
  2553 | D:4      | HP: 2/47 [gnoll (3)]
  2871 | D:4      | Reached skill level 7 in Fighting
  2909 | D:4      | Reached XP level 7. HP: 43/54 MP: 7/7
  3025 | D:3      | Found a transporter.
  3031 | D:3      | Found a bloodstained altar of Trog.
  3032 | D:3      | Found a transporter.
  3034 | D:3      | Found a glowing golden altar of the Shining One.
  3279 | D:4      | Reached skill level 8 in Fighting
  4766 | D:5      | Entered Level 5 of the Dungeon
  4773 | D:5      | HP: 2/56 [jackal (3)]
  5350 | D:5      | Reached skill level 9 in Fighting
  5350 | D:5      | Reached XP level 8. HP: 25/63 MP: 8/8
  6493 | D:6      | Found a staircase to the Ecumenical Temple.
  6640 | Temple   | Entered the Ecumenical Temple
  6845 | Temple   | Became a worshipper of Warmaster Okawaru
  6897 | D:6      | Reached skill level 5 in Crossbows
  6955 | D:6      | Slain by a gnoll sergeant

Skill      XL: |  1  2  3  4  5  6  7  8 |
---------------+-------------------------+-----
Fighting       | 3 4 5 6 7 9 |  9.4
Dodging        | 4 |  4.7
Crossbows      | 5 |  5.0
Stealth        | |  1.3

Action                   |  1- 3 |  4- 6 |  7- 9 || total
-------------------------+-------+-------+-------++-------
Melee: Mace              |       |       |     9 ||     9
       Tentacles         |       |       |     3 ||     3
 Fire: Hand crossbow     |    50 |    93 |   122 ||   265
       Hunting sling     |       |    16 |    74 ||    90
       Shortbow          |       |       |    13 ||    13
Throw: Stone             |       |       |     2 ||     2
Evoke: Wand              |       |       |    25 ||    25
  Use: Scroll            |       |     4 |     5 ||     9
       Potion            |       |     1 |     4 ||     5
  Eat: Chunk             |       |     5 |     6 ||    11
       Ration            |       |       |     2 ||     2
Armor: Skin              |     1 |     3 |    10 ||    14
Dodge: Dodged            |    18 |    28 |    73 ||   119
